Map: Automaton LE

Players

Sondaljan

  • Race: Protoss Protoss
  • League: Diamond
  • Spawn Location: 3:00

CaiShen - Winner!

  • Race: Zerg Zerg
  • League: Diamond
  • Spawn Location: 9:00

VOD

Have the link to the VOD?

Description

Time

  • Played on: Dec. 13, 2018, 2:59 p.m.
  • Length: 10:46
Show
View Real Time Build Order
Export as new Build Order

Sondaljan Protoss 

Build Orders: 1 Gate Expand, Chargelot Immortal 

Get SALT Encoding   

  1  0:00  Probe  
  12  0:05  Probe  
  14  0:19  Pylon  
  14  0:23  Probe  
  15  0:37  Probe  
  15  0:40  Gateway  
  16  0:49  Probe  
  17  1:00  Probe  
  18  1:08  Probe  
  19  1:19  Probe  
  19  1:21  Nexus  
  20  1:33  Cybernetics Core  
  20  1:36  Probe  
  21  1:43  Assimilator  
  21  1:48  Assimilator  
  21  1:49  Probe  
  22  1:58  Pylon  
  22  2:01  Probe  
  23  2:13  Warp Gate  
  23  2:14  Probe  
  23  2:16  Adept  
  23  2:22  Probe  
  27  2:31  Probe  
  28  2:38  Gateway, Probe  
  29  2:47  Twilight Council  
  29  2:48  Probe  
  30  2:51  Probe  
  30  2:57  Stalker  
  33  3:03  Probe  
  34  3:10  Probe  
  34  3:11  Probe  
  34  3:12  Shield Battery  
  36  3:22  Probe  
  36  3:24  Pylon  
  37  3:29  Charge  
  37  3:36  Probe, Robotics Facility  
  37  3:39  Probe  
  39  3:53  Gateway  
  39  3:55  Gateway  
  39  3:56  Probe x2  
  41  4:03  Gateway  
  41  4:07  Gateway  
  41  4:08  Probe  
  42  4:15  Gateway, Warp Prism  
  42  4:19  Gateway  
  44  4:39  Pylon  
  44  4:40  Sentry, Pylon  
  44  4:41  Pylon  
  46  4:54  Pylon  
  46  5:13  Zealot x3  
  46  5:14  Zealot  
  54  5:15  Zealot x3  
  60  5:27  Zealot  
  62  5:35  Zealot x6  
  68  5:36  Zealot  
  60  5:54  Robotics Facility  
  60  5:55  Immortal  
  44  6:09  Pylon  
  48  6:16  Nexus  
  48  6:18  Probe x2, Pylon x2  
  50  6:21  Sentry  
  50  6:22  Sentry x2  
  56  6:30  Probe x2, Assimilator  
  56  6:32  Immortal  
  58  6:34  Assimilator  
  58  6:37  Immortal  
  58  6:42  Probe  
  63  6:49  Probe  
  68  6:54  Probe  
  68  6:57  Forge  
  68  7:00  Zealot  
  71  7:06  Zealot x2  
  75  7:09  Zealot  
  75  7:15  Immortal  
  77  7:16  Immortal  
  77  7:20  Protoss Ground Weapons Level 1  
  85  7:36  Probe x3  
  88  7:46  Photon Cannon, Warp Prism  
  88  7:47  Photon Cannon  
  88  7:50  Sentry x3  
  94  7:57  Observer  
  97  8:01  Probe x2  
  89  8:15  Zealot x5  
  93  8:22  Zealot x2  
  93  8:25  Zealot  
  97  8:38  Zealot x3  
  97  8:39  Zealot  
  99  8:46  Probe x3  
  100  8:50  Immortal  
  100  8:58  Probe x2  
  100  8:59  Immortal  
  110  9:07  Templar Archives  
  110  9:08  Assimilator  
  110  9:12  Assimilator  
  110  9:16  Zealot x2  
  114  9:25  Probe  
  115  9:39  Observer  
  115  9:42  Stargate  
  115  9:43  Nexus  
  112  9:49  Observer  
  112  9:52  Pylon  
  113  10:05  Photon Cannon x2  
  121  10:36  Zealot x2  
  121  10:40  Zealot x4  
  121  10:41  Zealot  
Show
View Real Time Build Order
Export as new Build Order

CaiShen Zerg - Winner!

Build Orders: Hatch First 

Get SALT Encoding   

  12  0:01  Drone  
  13  0:12  Overlord  
  13  0:19  Drone  
  14  0:32  Drone x2  
  16  0:51  Hatchery  
  16  0:55  Drone  
  16  0:56  Drone  
  17  1:04  Drone  
  18  1:10  Extractor  
  17  1:18  Spawning Pool  
  17  1:20  Drone  
  17  1:23  Drone  
  18  1:28  Drone  
  19  1:38  Overlord  
  19  2:02  Drone x2  
  19  2:05  Queen  
  19  2:06  Drone  
  24  2:09  Queen  
  24  2:11  Metabolic Boost  
  26  2:20  Zergling x2  
  27  2:23  Drone  
  27  2:24  Drone  
  29  2:34  Drone x2  
  31  2:48  Queen  
  31  2:50  Overlord  
  35  2:51  Drone x2  
  35  3:01  Hatchery  
  34  3:13  Drone x6  
  34  3:15  Zergling x2  
  40  3:36  Overlord  
  40  3:37  Zergling x6  
  43  3:50  Overlord  
  43  3:51  Overlord  
  43  3:55  Drone x2  
  45  3:56  Drone x3  
  48  4:08  Extractor  
  48  4:09  Drone x2  
  49  4:10  Extractor  
  49  4:13  Roach Warren  
  49  4:15  Evolution Chamber  
  49  4:16  Drone x4  
  50  4:23  Lair  
  50  4:27  Queen  
  50  4:29  Overlord  
  50  4:30  Overlord x2  
  52  4:39  Drone x3  
  52  4:40  Drone x3  
  58  4:46  Drone x4  
  58  4:48  Overlord  
  61  5:00  Roach x6  
  61  5:01  Roach  
  61  5:06  Overlord  
  75  5:11  Extractor  
  74  5:20  Roach x5  
  84  5:25  Extractor  
  83  5:33  Roach x4  
  88  5:38  Drone x3  
  88  5:41  Queen  
  88  5:42  Queen  
  89  5:43  Zergling x2  
  82  5:54  Roach x5  
  82  6:05  Drone x8  
  90  6:14  Glial Reconstitution  
  90  6:17  Roach x3  
  94  6:21  Overseer  
  94  6:25  Drone  
  95  6:29  Zerg Missile Weapons Level 1  
  95  6:31  Roach x2  
  99  6:38  Overlord  
  99  6:39  Overlord x2  
  99  6:44  Queen  
  99  6:46  Hatchery  
  100  6:50  Ravager x2  
  100  6:51  Ravager x2  
  104  6:55  Zergling x2  
  113  7:08  Roach x8  
  113  7:10  Zergling x10  
  113  7:12  Overlord  
  126  7:26  Roach  
  128  7:39  Roach x4  
  136  7:44  Overlord x3  
  136  7:51  Drone  
  137  7:54  Hydralisk Den  
  137  7:55  Zergling x2  
  137  7:57  Overlord x3  
  137  7:58  Overlord  
  137  8:03  Drone x5  
  143  8:05  Zergling x12  
  142  8:17  Roach x6  
  139  8:30  Spire  
  139  8:31  Roach  
  139  8:32  Roach x9  
  148  8:35  Zergling x4  
  144  8:45  Drone x4  
  144  8:46  Drone x4  
  146  8:51  Ravager  
  146  8:53  Drone x2, Extractor  
  146  8:54  Drone  
  145  8:56  Drone x3  
  145  8:58  Extractor  
  145  9:00  Extractor  
  146  9:05  Drone x2  
  148  9:11  Overlord x2  
  148  9:15  Drone x3  
  148  9:16  Drone x2  
  153  9:17  Hatchery  
  153  9:23  Drone x2  
  150  9:36  Overlord  
  150  9:37  Overlord, Spine Crawler  
  146  9:38  Spore Crawler  
  146  9:40  Spine Crawler  
  143  9:45  Mutalisk  
  143  9:46  Mutalisk x11  
  143  9:52  Drone x2  
  169  9:53  Drone  
  169  9:57  Zergling x16  
  178  10:05  Spore Crawler  
  177  10:09  Mutalisk  
  177  10:10  Mutalisk x4  
  187  10:24  Zergling x18  
  196  10:36  Infestation Pit  
Tags
 
Add a new tag
Caveats
  • Supply blocks, unpowered buildings, or Contaminate may cause inaccurate times.
  • Supply counts are checked every 10 seconds.